AoeStats
← Iwwan

Arabia

510232880Analyzed
1v1 RM · 19h ago on Sep 30, 2026· 30m 47s· 2 players
Game mode
Random Map
Map size
Tiny (2 player)
Population
200
Speed
Normal
Resources
Standard
Victory
Conquest
Starting age
Dark Age
Ending age
Imperial Age
RankedLock teamsTeams togetherTeam positionsShared explorationLock speedFull tech treeHidden civsTurbo modeCheats
Victory
Defeat
🇦🇷 Byzantines · Argentina
925
+17
🇦🇺 Chinese · Australia
955
-50
Frijolito1769
6:46 Loom
9:28 Feudal Age
20:10 Castle Age
19:21 Gold Mining
20:13 Crossbowman
21:27 Fletching
22:39 Bodkin Arrow
29:15 Ballistics
29:39 Pikeman
Iwwan
10:50 Feudal Age
11:24 Horse Collar
11:33 Double-Bit Axe
22:45 Gold Mining
25:49 Wheelbarrow
29:15 Castle Age
Connection lost

Rejoining the realm…

Still unreachable

The connection could not be restored.

Session expired

The server has moved on; the page needs a fresh start.